 Dungeon Crawl Stone Soup version 0.25-a0-110-ge29c8f2358 (webtiles) character file.

Game seed: 16099812343586741389, levelgen mode: classic

37716 Enroth the Eclecticist (level 13, 0/75 HPs)
             Began as a Deep Elf Summoner on Aug 7, 2019.
             Was a High Priest of Sif Muna.
             Slain by a shock serpent (5 damage)
             ... on level 2 of the Snake Pit on Nov 20, 2019.
             The game lasted 04:48:10 (19403 turns).

Enroth the Eclecticist (Deep Elf Summoner)         Turns: 19403, Time: 04:48:11

Health: 0/75       AC: 14    Str:  5    XL:     13   Next: 59%
Magic:  0/35       EV: 13    Int: 35    God:    Sif Muna [*****.]
Gold:   575        SH:  0    Dex: 15    Spells: 4/45 levels left

rFire    + + +     SeeInvis +   O - +7 battleaxe of Luxury {speed, rF++ Int+5}
rCold    + . .     Gourm    .   (shield currently unavailable)
rNeg     . . .     Faith    .   o - +3 troll leather armour
rPois    +         Spirit   +   p - +2 hat
rElec    +         Reflect  .   F - scarf {Spirit}
rCorr    +         Harm     .   e - +1 pair of gloves of Midnight {Int+2 SInv}
MR       +....                  (no boots)
Stlth    +++.......             k - amulet of magic regeneration
HPRegen  0.62/turn              a - ring of poison resistance
MPRegen  0.49/turn              n - +3 ring of evasion

@: lethally poisoned (0 -> -3), resistant, constricted
A: claws 1, icy blue scales 1, clever 1, robust 2
a: Channel Magic, Forget Spell, Divine Exegesis, Renounce Religion


You were on level 2 of the Snake Pit.
You worshipped Sif Muna.
Sif Muna was extremely pleased with you.
You were hungry.

You visited 5 branches of the dungeon, and saw 23 of its levels.
You also visited: Gauntlet and Ice Cave.

You collected 2559 gold pieces.
You spent 1984 gold pieces at shops.

Inventory:

Hand Weapons
 G - a +2 flail of protection
 O - the +7 battleaxe of Luxury (weapon) {speed, rF++ Int+5}
   (You found it in an ice cave)

   Attacks with this weapon are significantly faster.
   It affects your intelligence (+5).
   It greatly protects you from fire.
Armour
 e - the +1 pair of gloves of Midnight (worn) {Int+2 SInv}
   (You acquired it on level 5 of the Lair of Beasts)

   It affects your intelligence (+2).
   It lets you see invisible.
 o - a +3 troll leather armour (worn)
 p - a +2 hat (worn)
 F - a scarf of spirit shield (worn)
Jewellery
 a - a ring of poison resistance (left hand)
 f - a +4 ring of strength
 k - an amulet of magic regeneration (around neck)
 m - an uncursed ring of flight
 n - a +3 ring of evasion (right hand)
 u - an uncursed ring of positive energy
 w - an uncursed ring of fire
 M - an uncursed ring of resist corrosion
Wands
 y - a wand of disintegration (5)
 z - a wand of flame (39)
 B - a wand of iceblast (13)
 C - a wand of paralysis (22)
 D - a wand of clouds (11)
 I - a wand of digging (3)
 P - a wand of enslavement (12)
Scrolls
 j - 7 scrolls of identify
 t - a scroll of fear
 v - 4 scrolls of enchant weapon
 x - 8 scrolls of remove curse
 E - a scroll of fog
Potions
 b - 2 potions of brilliance
 g - a potion of curing
 i - 6 potions of flight
 l - a potion of agility
 q - 3 potions of haste
 r - a potion of resistance
 s - 3 potions of lignification
 A - a potion of cancellation
 H - 4 potions of mutation
 J - a potion of ambrosia
 L - a potion of berserk rage
 N - a potion of might
 Q - a potion of magic
Miscellaneous
 d - a box of beasts
 K - a fan of gales (inert)
Comestibles
 c - 32 rations


   Skills:
 - Level 0.2 Maces & Flails
 + Level 4.4 Armour
 + Level 4.6 Dodging
 + Level 5.0 Stealth
 + Level 16.5 Spellcasting
 + Level 3.7 Conjurations
 + Level 5.9 Hexes
 + Level 13.7 Summonings
 * Level 4.2 Necromancy
 + Level 5.0 Transmutations
 + Level 10.2 Ice Magic
 + Level 3.8 Air Magic
 + Level 2.3 Invocations
 + Level 1.2 Evocations


You had 4 spell levels left.
You knew the following spells:

 Your Spells              Type           Power        Failure   Level  Hunger
a - Freezing Cloud        Conj/Ice/Air   ######....   26%         6    None
b - Summon Hydra          Summ           #######...   6%          7    ###....
c - Summon Ice Beast      Ice/Summ       #######.     1%          4    None
d - Summon Mana Viper     Hex/Summ       #######.     1%          5    None
e - Call Canine Familiar  Summ           #######.     1%          3    None
f - Ice Form              Ice/Tmut       ######..     1%          4    None
g - Summon Lightning Spi  Summ/Air       ######..     1%          4    None
h - Infestation           Necr           ######....   100%        8    #####..

Your spell library contained the following spells:

 Spells                   Type           Power        Failure   Level  Hunger
 Summon Butterflies       Summ           #######.     0%          1    None
 Summon Small Mammal      Summ           ####         0%          1    None
 Call Imp                 Summ           #######.     0%          2    None
 Animate Skeleton         Necr           N/A          1%          1    None
 Apportation              Tloc           ####..       1%          1    None
 Beastly Appendage        Tmut           ######       1%          1    None
 Confusing Touch          Hex            ######       1%          1    None
 Magic Dart               Conj           ####         1%          1    None
 Searing Ray              Conj           ######       1%          2    None
 Slow                     Hex            ######..     1%          2    None
 Sticks to Snakes         Tmut           ######..     1%          2    None
 Spider Form              Tmut/Pois      #####.....   1%          3    None
 Summon Guardian Golem    Hex/Summ       #######.     1%          3    None
 Cause Fear               Hex            ######....   1%          4    None
 Throw Icicle             Conj/Ice       ######..     1%          4    None
 Conjure Flame            Conj/Fire      #####...     2%          3    None
 Mephitic Cloud           Conj/Pois/Air  #####...     2%          3    None
 Fulminant Prism          Conj/Hex       ######....   2%          4    None
 Blink                    Tloc           N/A          3%          2    None
 Airstrike                Air            ######....   4%          4    None
 Leda's Liquefaction      Hex/Erth       #####.....   6%          4    None
 Force Lance              Conj/Tloc      #####...     9%          4    None
 Aura of Abjuration       Summ           #######...   1%          5    None
 Blade Hands              Tmut           ######....   7%          5    None
 Bolt of Cold             Conj/Ice       ######....   17%         6    None
 Alistair's Intoxication  Tmut/Pois      #####...     19%         5    None
 Fireball                 Conj/Fire      #####.....   26%         5    None
 Iskenderun's Battlesphe  Conj/Chrm      #####...     26%         5    None
 Bolt of Magma            Conj/Fire/Erth #####.....   32%         5    None
 Haunt                    Necr/Summ      #######...   38%         7    ###....
 Spellforged Servitor     Conj/Summ      ######....   43%         7    ###....
 Statue Form              Tmut/Erth      #####....    71%         6    None
 Bolt of Fire             Conj/Fire      #####.....   80%         6    None
 Iron Shot                Conj/Erth      #####.....   80%         6    None
 Poison Arrow             Conj/Pois      #####.....   80%         6    None
 Borgnjor's Revivificati  Necr           ######....   100%        8    #####..
 Death's Door             Chrm/Necr      #####.....   100%        8    #####..
 Necromutation            Tmut/Necr      ######....   100%        8    #####..
 Shatter                  Erth           ####......   100%        9    ######.


Dungeon Overview and Level Annotations

Branches:
Dungeon (11/15)            Temple (1/1) D:4            Lair (6/6) D:11
 Shoals (0/4) Lair:3        Snake (3/4) Lair:2        Slime (0/5) Lair:5
    Orc (2/2) D:9             Elf (0/3) Orc:2         IceCv (visited)
Gauntlet (visited)

Altars:
Ashenzari
Cheibriados
Dithmenos
Elyvilon
Fedhas
Gozag
Hepliaklqana
Kikubaaqudgha
Makhleb
Nemelex Xobeh
Okawaru
Qazlal
Ru
Sif Muna
Trog
Uskayaw
Vehumet
Wu Jian
Xom
Yredelemnul
Zin
The Shining One
Beogh

Shops:
D:9 }   D:10 %   Orc:2 [(:*

Portals:
Trove: D:11 (give 12 potions of heal wounds)

Annotations:
D:2 Terence
D:5 1 runed translucent door, LemonRage's ghost, novice DEVM


Innate Abilities, Weirdness & Mutations

You have sharp fingernails.
You are partially covered in icy blue scales. (AC +2)
Your mind is acute. (Int +2)
You are very robust. (+20% HP)


Message History

The naga mage seems to speed up.
The shock serpent closely misses you.
You climb upwards.
You feel very sick. The anaconda barely misses you. The anaconda bites you.
* * * LOW HITPOINT WARNING * * *
The anaconda grabs you. The anaconda misses you. The anaconda constricts you.
There is a stone staircase leading down here.
Okay, then.
Casting: Summon Hydra (slightly dangerous; 6% risk of failure)
Confirm with . or Enter, or press ? or * to list all spells.
Okay, then.
You feel protected.
You feel sick.
The anaconda bites you but does no damage.
The anaconda constricts you.
The salamander mystic gestures at you while chanting.
The bolt of magma hits you! You partially resist.
* * * LOW HITPOINT WARNING * * *
The shock serpent bites you!
You die...

#........## #.........
###...)..###
#.....รท....#
##########..#..(<....#.
#.......#..##...(......
#.......#.# #...(......
#....S....###.(..N.....
#....S@.N...N.<..#.(...
#............(...#.....
#.......([[%)(.........
#......N.............!.
##.......N.............
######.................
#......................
#.....................#
####.#................#


You could see a salamander mystic, a salamander, an anaconda, a shock serpent
and 2 nagas.

Vanquished Creatures
  A shock serpent (Snake:1)
  2 salamanders (Snake:2)
  A black mamba (Snake:2)
  A molten gargoyle (Lair:6)
  A blink frog (Lair:4)
  A naga (Snake:2)
  A water moccasin (Lair:5)
  An orc warrior (Orc:2)
  A phantom (D:4)
  A crocodile (Lair:5)
  A bullfrog (D:8)
  A lava snake (Lair:6)
  A bullfrog zombie (D:8)
  A centaur skeleton (D:5)
  A dart slug (D:2)
  An orc (D:7)
  A bat (D:3)
  2 giant cockroaches
  A hobgoblin (D:3)
  A frilled lizard (D:1)
  A kobold (D:11)
23 creatures vanquished.

Vanquished Creatures (collateral kills)
  A frost giant (IceCv)
  An orc warlord (Orc:2)
  A fire dragon (Lair:6)
  Josephine (Orc:1)
  6 hydras (Lair:6)
  2 anacondas (Snake:1)
  4 naga warriors
  A catoblepas (Lair:6)
  A two-headed ogre (D:11)
  Urug (D:11)
  2 naga sharpshooters
  5 shock serpents
  An orc high priest (Orc:2)
  2 salamander mystics (Snake:2)
  3 orc knights
  2 mana vipers (Snake:1)
  3 orc sorcerers
  2 cyclopes
  A manticore (Lair:3)
  8 salamanders
  13 black mambas
  A guardian serpent (Snake:1)
  2 molten gargoyles (Lair:6)
  4 naga magi
  8 spiny frogs
  9 komodo dragons
  2 ice devils (Lair:5)
  6 polar bears (IceCv)
  3 trolls
  19 blink frogs
  6 dream sheep (Lair:6)
  8 hippogriffs
  Sigmund (D:5)
  A shadow (D:11)
  5 wraiths
  35 yaks
  A wyvern (Lair:6)
  2 steam dragons (Lair:6)
  8 basilisks
  A hungry ghost (D:10)
  Menkaure (D:5)
  18 nagas
  A warg (Orc:1)
  4 hell hounds (Lair:6)
  9 water moccasins
  7 porcupines
  15 orc warriors
  A sky beast (D:6)
  2 black bears
  2 phantoms
  3 ice beasts
  12 ogres
  28 wolves
  A centaur (D:11)
  5 crocodiles
  13 bullfrogs
  3 big kobolds
  A gnoll sergeant (D:10)
  11 killer bees
  3 scorpions
  2 howler monkeys (D:10)
  7 wights
  3 lava snakes (Lair:6)
  7 crimson imps
  2 bullfrog zombies
  7 hounds
  A quasit (D:10)
  A centaur zombie (D:8)
  8 jellies
  2 centaur skeletons
  22 orc priests
  13 orc wizards
  Natasha (D:2)
  4 worker ants
  A hound zombie (D:5)
  A hound skeleton (D:9)
  8 gnolls
  A howler monkey skeleton (D:6)
  A worker ant zombie (D:8)
  8 adders
  5 shadow imps
  3 oozes
  2 adder skeletons
  2 worms
  A dart slug (D:1)
  5 leopard geckos
  58 orcs
  A ball python (D:2)
  9 bats
  5 giant cockroaches
  8 goblins
  10 hobgoblins
  12 jackals
  13 quokkas
  3 frilled lizards
  19 kobolds
  A quokka skeleton (D:4)
  6 rats
  6 fungi
  A plant (Lair:2)
593 creatures vanquished.

Vanquished Creatures (others)
  A lindwurm (Lair:6)
  A black mamba (Snake:2)
  4 fungi
  11 plants (Gauntlet)
17 creatures vanquished.

Grand Total: 633 creatures vanquished

Notes
Turn   | Place    | Note
-------+----------+-------------------------------------------
     0 | D:1      | Enroth the Deep Elf Summoner began the quest for the Orb.
     0 | D:1      | Reached XP level 1. HP: 10/10 MP: 6/6
   320 | D:1      | Reached XP level 2. HP: 15/15 MP: 6/8
   341 | D:1      | Learned a level 2 spell: Call Imp
   803 | D:1      | Reached skill level 5 in Summonings
   873 | D:2      | Upgraded the game from 0.24-a0-530-g18ba70b503 to
                  | 0.25-a0-108-gda8bd6cf83
   964 | D:2      | You fall into a shaft and drop 1 floor!
  1018 | D:3      | Reached XP level 3. HP: 17/19 MP: 7/10
  1254 | D:3      | Reached skill level 4 in Spellcasting
  1269 | D:3      | Found a glowing drain.
  1835 | D:2      | Reached XP level 4. HP: 18/24 MP: 10/12
  2520 | D:2      | Noticed Terence
  2641 | D:2      | Noticed Natasha
  2648 | D:2      | Killed Natasha
  2648 | D:2      | Reached skill level 1 in Armour
  2723 | D:3      | Learned a level 4 spell: Summon Ice Beast
  2724 | D:4      | Noticed a phantom
  2735 | D:4      | Killed a phantom
  2735 | D:4      | Reached XP level 5. HP: 28/28 MP: 4/13
  2941 | D:4      | Found a staircase to the Ecumenical Temple.
  2949 | Temple   | Entered the Ecumenical Temple
  3082 | Temple   | Became a worshipper of Sif Muna the Loreminder
  3451 | D:5      | Entered Level 5 of the Dungeon
  3502 | D:5      | Noticed Sigmund
  3579 | D:6      | Reached skill level 5 in Spellcasting
  3608 | D:6      | Noticed a sky beast
  3640 | D:6      | Killed a sky beast
  3640 | D:6      | Reached skill level 1 in Ice Magic
  3705 | D:6      | Reached XP level 6. HP: 32/32 MP: 16/16
  3774 | D:6      | Learned a level 3 spell: Summon Guardian Golem
  3890 | D:6      | Reached skill level 6 in Spellcasting
  3985 | D:6      | Noticed an orc warrior
  4052 | D:5      | Learned a level 3 spell: Call Canine Familiar
  4114 | D:5      | Noticed Menkaure
  4137 | D:5      | Killed Menkaure
  4165 | D:5      | Killed Sigmund
  4179 | D:5      | Found a bloodstained altar of Trog.
  4353 | D:5      | Reached * piety under Sif Muna
  4353 | D:5      | Reached XP level 7. HP: 36/36 MP: 18/18
  4461 | D:5      | Found a runed translucent door.
  4462 | D:5      | Noticed LemonRage's ghost (novice DEVM)
  4491 | D:5      | Learned a level 4 spell: Ice Form
  4787 | D:6      | Reached skill level 1 in Transmutations
  4834 | D:6      | Found an ancient bone altar of Kikubaaqudgha.
  5047 | D:6      | Reached skill level 7 in Spellcasting
  5270 | D:7      | Reached skill level 8 in Spellcasting
  5299 | D:7      | Reached XP level 8. HP: 41/41 MP: 20/22
  5338 | D:7      | Reached ** piety under Sif Muna
  5429 | D:7      | Noticed a hippogriff
  5437 | D:7      | Killed a hippogriff
  5776 | D:7      | Gained mutation: You are resistant to electric shocks.
                  | (rElec) [potion of mutation]
  5776 | D:7      | Gained mutation: Your mind is acute. (Int +2) [potion of
                  | mutation]
  5776 | D:7      | Gained mutation: Your body sometimes deteriorates upon
                  | taking damage. [potion of mutation]
  5776 | D:7      | Gained mutation: You are somewhat resistant to further
                  | mutation. [potion of mutation]
  5918 | D:8      | Reached skill level 9 in Spellcasting
  6136 | D:8      | Reached *** piety under Sif Muna
  6579 | D:8      | Reached XP level 9. HP: 45/45 MP: 19/24
  6991 | D:9      | Noticed a troll
  6998 | D:9      | Killed a troll
  7003 | D:9      | Noticed a troll
  7011 | D:9      | Killed a troll
  7035 | D:9      | Reached skill level 5 in Ice Magic
  7061 | D:9      | Reached **** piety under Sif Muna
  7108 | D:9      | Found a staircase to the Orcish Mines.
  7316 | D:9      | Found Neufoth's Gadget Shoppe.
  7360 | D:10     | Entered Level 10 of the Dungeon
  7809 | D:10     | Found Foofe's Food Boutique.
  8075 | D:11     | Reached skill level 10 in Spellcasting
  8079 | D:11     | Reached skill level 1 in Invocations
  8126 | D:11     | Found a staircase to the Lair.
  8198 | D:11     | Reached ***** piety under Sif Muna
  8198 | D:11     | Identified Sif Muna's Compendium of Entrancing Conjuration
                  | (Sif Muna gifted it to you on level 11 of the Dungeon)
  8198 | D:11     | Received a gift from Sif Muna
  8207 | D:11     | Learned a level 6 spell: Freezing Cloud
  8329 | D:11     | Noticed Urug
  8348 | D:11     | Killed Urug
  8348 | D:11     | Reached skill level 1 in Conjurations
  8371 | D:11     | Noticed a kobold demonologist
  8373 | D:11     | Noticed a two-headed ogre
  8446 | D:11     | Reached skill level 1 in Air Magic
  8458 | D:11     | Found a portal to a secret trove of treasure.
  8565 | D:11     | Killed a two-headed ogre
  8565 | D:11     | Reached XP level 10. HP: 39/50 MP: 12/26
  8592 | D:11     | Noticed a rust devil
  8602 | D:11     | Noticed a sun demon
  8727 | Orc:1    | Entered Level 1 of the Orcish Mines
  8957 | Orc:1    | Noticed an orc sorcerer
  8986 | Orc:1    | Learned a level 4 spell: Summon Lightning Spire
  9029 | Orc:1    | Killed an orc sorcerer
  9109 | Orc:2    | Entered Level 2 of the Orcish Mines
  9112 | Orc:1    | Upgraded the game from 0.25-a0-108-gda8bd6cf83 to
                  | 0.25-a0-110-ge29c8f2358
  9127 | Orc:2    | Noticed an orc knight
  9131 | Orc:2    | Noticed an orc sorcerer
  9150 | Orc:2    | Killed an orc sorcerer
  9157 | Orc:2    | Noticed an orc knight
  9163 | Orc:2    | Killed an orc knight
  9246 | Orc:1    | Killed an orc knight
  9246 | Orc:1    | Reached skill level 11 in Spellcasting
  9324 | Orc:2    | Noticed an orc warlord
  9346 | Orc:2    | Killed an orc warlord
  9358 | Orc:2    | Noticed an orc sorcerer
  9358 | Orc:2    | Noticed a cyclops
  9373 | Orc:2    | Killed an orc sorcerer
  9436 | Orc:2    | Noticed an orc high priest
  9437 | Orc:2    | Noticed an orc knight
  9448 | Orc:2    | Killed an orc high priest
  9461 | Orc:2    | Killed an orc knight
  9568 | Orc:2    | Found a roughly hewn altar of Beogh.
  9578 | Orc:2    | Reached skill level 1 in Evocations
  9634 | Orc:2    | Found Pethemuo's Book Shoppe.
  9642 | Orc:2    | Bought a book of Beasts for 660 gold pieces
  9650 | Orc:2    | Learned a level 7 spell: Summon Hydra
  9687 | Orc:2    | Found Ixi Umy's General Store.
  9868 | Orc:2    | Found a staircase to the Elven Halls.
  9943 | Orc:2    | Found Ofen's Antique Weapon Shoppe.
  9960 | Orc:2    | Found Ruezao's Antique Armour Shoppe.
  9975 | Orc:2    | Learned a level 5 spell: Summon Mana Viper
 10047 | Orc:2    | Reached skill level 1 in Hexes
 10068 | Orc:2    | Killed a cyclops
 10255 | Orc:1    | Reached XP level 11. HP: 54/54 MP: 18/28
 10345 | Orc:1    | You fall into a shaft and drop 1 floor!
 10433 | Orc:1    | Reached skill level 12 in Spellcasting
 10548 | Orc:1    | Noticed Josephine
 10556 | Orc:1    | Killed Josephine
 10785 | Lair:1   | Entered Level 1 of the Lair of Beasts
 11576 | Lair:2   | Found a staircase to the Snake Pit.
 11631 | Lair:2   | Found a gate leading to a gauntlet.
 11661 | Gauntlet | Entered a Gauntlet
 11661 | Gauntlet | Found a large runed translucent door.
 11661 | Gauntlet | Found a large runed translucent door.
 11661 | Gauntlet | Found a large runed translucent door.
 11661 | Gauntlet | Found a large runed translucent door.
 11661 | Gauntlet | Found a large runed translucent door.
 11661 | Gauntlet | Found a large runed translucent door.
 11661 | Gauntlet | Found a large runed translucent door.
 11661 | Gauntlet | Found a large runed translucent door.
 11661 | Gauntlet | Found a runed translucent door.
 11661 | Gauntlet | Found a runed translucent gate.
 11661 | Gauntlet | Found a transporter.
 11661 | Gauntlet | Found a transporter.
 11661 | Gauntlet | Found a runed translucent gate.
 11661 | Gauntlet | Found a transporter.
 11661 | Gauntlet | Found a transporter.
 11661 | Gauntlet | Noticed a tengu warrior
 11661 | Gauntlet | Noticed a tengu warrior
 11665 | Gauntlet | Found a transporter.
 11665 | Gauntlet | Found a transporter.
 11669 | Gauntlet | Found a runed translucent gate.
 11669 | Gauntlet | Found a runed translucent door.
 11670 | Gauntlet | Found a large runed translucent door.
 11670 | Gauntlet | Found a large runed translucent door.
 11671 | Gauntlet | Found a large runed translucent door.
 11672 | Gauntlet | Found a large runed translucent door.
 11677 | Gauntlet | Found a transporter.
 11681 | Gauntlet | Found a transporter.
 11681 | Gauntlet | Found a transporter.
 11681 | Gauntlet | Found a transporter.
 11693 | Gauntlet | Found a transporter.
 11693 | Gauntlet | Noticed a dire elephant
 11695 | Gauntlet | Found a transporter.
 11701 | Gauntlet | Noticed a death ooze
 11741 | Gauntlet | Found a large runed translucent door.
 11741 | Gauntlet | Found a large runed translucent door.
 11742 | Gauntlet | Found a large runed translucent door.
 11743 | Gauntlet | Found a large runed translucent door.
 12591 | Lair:3   | Reached skill level 5 in Stealth
 12597 | Lair:3   | Reached skill level 10 in Summonings
 12988 | Lair:3   | Reached skill level 13 in Spellcasting
 13017 | Lair:3   | Found a staircase to the Shoals.
 13648 | Lair:4   | Identified Utwoezi's Handbook of Conjuration (Sif Muna
                  | gifted it to you on level 4 of the Lair of Beasts)
 13648 | Lair:4   | Received a gift from Sif Muna
 14552 | Lair:5   | Found a frozen archway.
 14616 | IceCv    | Entered an ice cave
 14626 | IceCv    | Reached XP level 12. HP: 59/59 MP: 8/31
 14699 | IceCv    | Reached skill level 5 in Hexes
 14864 | IceCv    | Learned a level 4 spell: Ice Form
 14867 | IceCv    | Noticed a frost giant
 14902 | IceCv    | Killed a frost giant
 15144 | IceCv    | Got a steaming battleaxe
 15153 | IceCv    | Identified the +7 battleaxe of Luxury {speed, rF++ Int+5}
                  | (You found it in an ice cave)
 15306 | Lair:5   | Lost mutation: Your body sometimes deteriorates upon taking
                  | damage. [potion of mutation]
 15306 | Lair:5   | Lost mutation: You are resistant to electric shocks.
                  | (rElec) [potion of mutation]
 15306 | Lair:5   | Lost mutation: You are somewhat resistant to further
                  | mutation. [potion of mutation]
 15306 | Lair:5   | Gained mutation: Your system is resistant to poisons.
                  | (rPois) [potion of mutation]
 15306 | Lair:5   | Gained mutation: You are robust. (+10% HP) [potion of
                  | mutation]
 15307 | Lair:5   | Lost mutation: Your system is resistant to poisons. (rPois)
                  | [potion of mutation]
 15307 | Lair:5   | Lost mutation: Your mind is acute. (Int +2) [potion of
                  | mutation]
 15307 | Lair:5   | Gained mutation: You tend to lose your temper in combat.
                  | [potion of mutation]
 15307 | Lair:5   | Gained mutation: You are partially covered in icy blue
                  | scales. (AC +2) [potion of mutation]
 15307 | Lair:5   | Gained mutation: Scrolls take you a little longer to read.
                  | [potion of mutation]
 15307 | Lair:5   | Gained mutation: You have sharp fingernails. [potion of
                  | mutation]
 15308 | Lair:5   | Lost mutation: Scrolls take you a little longer to read.
                  | [potion of mutation]
 15308 | Lair:5   | Lost mutation: You tend to lose your temper in combat.
                  | [potion of mutation]
 15308 | Lair:5   | Gained mutation: You are very robust. (+20% HP) [potion of
                  | mutation]
 15308 | Lair:5   | Gained mutation: Your mind is acute. (Int +2) [potion of
                  | mutation]
 15361 | Lair:5   | Identified a scroll of acquirement
 15362 | Lair:5   | Got a pair of polished gloves
 15363 | Lair:5   | Identified the +1 pair of gloves of Midnight {Int+2 SInv}
                  | (You acquired it on level 5 of the Lair of Beasts)
 15384 | Lair:5   | Found a staircase to the Slime Pits.
 15506 | Lair:5   | Reached skill level 14 in Spellcasting
 15516 | Lair:5   | Reached skill level 5 in Transmutations
 15813 | Lair:6   | Entered Level 6 of the Lair of Beasts
 15838 | Lair:6   | Noticed a catoblepas
 15890 | Lair:6   | Killed a catoblepas
 15998 | Lair:6   | Noticed a seven-headed hydra
 16004 | Lair:6   | Killed a seven-headed hydra
 16318 | Lair:6   | Noticed an eight-headed hydra
 16326 | Lair:6   | Killed an eight-headed hydra
 16331 | Lair:6   | Noticed a six-headed hydra
 16356 | Lair:6   | Killed a six-headed hydra
 16391 | Lair:6   | Noticed a seven-headed hydra
 16439 | Lair:6   | Killed a seven-headed hydra
 16506 | Lair:6   | Identified Sif Muna's Catalogue of Combat Magic and
                  | Lightness (Sif Muna gifted it to you on level 6 of the Lair
                  | of Beasts)
 16506 | Lair:6   | Received a gift from Sif Muna
 16544 | Lair:6   | Noticed an eight-headed hydra
 16557 | Lair:6   | Killed an eight-headed hydra
 16711 | Lair:6   | Noticed a fire dragon
 16828 | Lair:6   | Reached skill level 15 in Spellcasting
 16867 | Lair:6   | Noticed a seven-headed hydra
 16875 | Lair:6   | Killed a seven-headed hydra
 16938 | Lair:6   | Found a large runed translucent door.
 16938 | Lair:6   | Found a large runed translucent door.
 16990 | Lair:6   | Killed a fire dragon
 17364 | Orc:2    | Bought a Necronomicon for 1324 gold pieces
 17373 | Orc:2    | Learned a level 8 spell: Infestation
 17539 | Snake:1  | Entered Level 1 of the Snake Pit
 17641 | Snake:1  | Noticed a naga warrior
 17655 | Snake:1  | Killed a naga warrior
 17655 | Snake:1  | Reached skill level 10 in Ice Magic
 17655 | Snake:1  | Reached XP level 13. HP: 74/75 MP: 18/34
 17730 | Snake:1  | Reached skill level 1 in Necromancy
 18796 | Snake:2  | Reached skill level 16 in Spellcasting
 19055 | Snake:2  | Got a brightly glowing chain mail
 19056 | Snake:2  | Identified the cursed +0 chain mail of Depression {MR++
                  | Stlth+} (You found it on level 2 of the Snake Pit)
 19127 | Snake:2  | You fall into a shaft and drop 1 floor!
 19148 | Snake:3  | Identified Sif Muna's Disquisition on Supportive
                  | Transformation (Sif Muna gifted it to you on level 3 of the
                  | Snake Pit)
 19148 | Snake:3  | Received a gift from Sif Muna
 19403 | Snake:2  | Slain by a shock serpent

Levels and vault maps discovered:
D:1:      wander_arrival_desolate, layout_basic, minmay_tall_x
D:2:      layout_basic, uniq_natasha, uniq_terence
D:3:      layout_loops_ring, first_ration, portal_sewer_entry_f
D:4:      layout_gridville, temple_statues
D:5:      layout_basic, ebering_ghost_sewer_d, bloody_trog, uniq_sigmund,
          uniq_menkaure
D:6:      layout_basic, old_standard_altar
D:7:      layout_cave_pools, serial_glass, glass_columns_a, glass_columns_b
D:8:      layout_basic
D:9:      layout_rooms, hiddenorc1_lemuel, serial_shops, nicolae_shop_waterfront
D:10:     layout_irregular_city, serial_shops, nicolae_shop_behind_doors
D:11:     layout_roguey, lair_entry_dummy, enter_trove_1, serial_shops,
          kennysheep_little_box, uniq_urug
Temple:   kilobyte_greek_temple
Lair:1:   layout_loops_ring, serial_bayou_pond_d
Lair:2:   layout_hall_layers, dummy_snake_entry, gauntlet_entry_generic,
          lemuel_fruit_tree, infiniplex_staircase_pool
Lair:3:   layout_long_grid, minmay_shoals_entry_beasts, grunt_megastairs_4
Lair:4:   layout_cave_pods, grunt_megastairs_3
Lair:5:   layout_gridlike, nicolae_slime_entry_slimehenge,
          portal_ice_cave_demonic_guard
Lair:6:   cheibrodos_lair_end_hotspot, layout_misc_corridors
Snake:1:  layout_chambers, st_stairs_11
Snake:2:  layout_rooms
Snake:3:  layout_layer_cave
Orc:1:    layout_diamond_mine, uniq_josephine
Orc:2:    grunt_orc_cross, layout_caves, abandoned_shop

Skill      XL: |  1  2  3  4  5  6  7  8  9 10 11 12 13 |
---------------+----------------------------------------+-----
Summonings     | 5 6 7 8 9 11 13 | 13.7
Spellcasting   | 4 5 6 8 9 10 11 13 15 16 | 16.5
Armour         | 1 2 3 4 |  4.4
Stealth        | 3 4 5 |  5.0
Ice Magic      | 1 2 3 4 6 8 9 10 | 10.2
Transmutations | 1 3 4 5 |  5.0
Dodging        | 3 4 |  4.6
Invocations    | 1 2 |  2.3
Conjurations   | 1 3 |  3.7
Air Magic      | 1 3 |  3.8
Evocations     | 1 |  1.2
Hexes          | 1 4 5 |  5.9
Necromancy     | 4 |  4.2
Maces & Flails | |  0.2

Action                   |  1- 3 |  4- 6 |  7- 9 | 10-12 | 13-15 || total
-------------------------+-------+-------+-------+-------+-------++-------
Melee: Unarmed           |    10 |       |     5 |     2 |       ||    17
       Whip              |    13 |    84 |    17 |       |       ||   114
       Hand axe          |       |       |    21 |       |       ||    21
       Flail             |       |       |    16 |    70 |       ||    86
       Battleaxe         |       |       |       |    22 |    33 ||    55
 Cast: Summon Small Mamm |    17 |       |       |       |       ||    17
       Call Imp          |    33 |    54 |    22 |       |       ||   109
       Call Canine Famil |       |     7 |    31 |    77 |     2 ||   117
       Summon Guardian G |       |     4 |     3 |       |       ||     7
       Summon Ice Beast  |       |       |    93 |   283 |    47 ||   423
       Ice Form          |       |       |     1 |     3 |       ||     4
       Summon Mana Viper |       |       |       |    26 |     3 ||    29
       Summon Lightning  |       |       |       |     2 |     1 ||     3
       Summon Hydra      |       |       |       |     4 |    17 ||    21
       Freezing Cloud    |       |       |       |       |     7 ||     7
Invok: Forget Spell      |       |       |       |     3 |       ||     3
 Abil: End Transformatio |       |       |       |     1 |       ||     1
Evoke: Wand              |       |       |       |     8 |     1 ||     9
       Fan of gales      |       |       |       |       |     1 ||     1
       Box of beasts     |       |       |       |       |     1 ||     1
  Use: Scroll            |       |    11 |     7 |    12 |     5 ||    35
       Potion            |       |     6 |     7 |     6 |    12 ||    31
 Stab: Sleeping          |     1 |     1 |       |       |       ||     2
       Distracted        |       |       |     2 |     1 |       ||     3
       Paralysed         |       |       |       |     9 |       ||     9
  Eat: Chunk             |     2 |    10 |     8 |    18 |     2 ||    40
       Ration            |       |       |     2 |     4 |     1 ||     7
Armor: Robe              |     8 |       |       |       |       ||     8
       Troll leather arm |     6 |    39 |    26 |    55 |    31 ||   157
       Skin              |       |       |     1 |       |       ||     1
Dodge: Dodged            |    58 |    53 |    71 |    97 |    95 ||   374

Table legend:
 A = Non-vault XP
 B = Vault XP
 C = Vault XP percentage of total XP
 D = Non-vault monster count
 E = Vault monster count
 F = Vault count percentage of total count
                 A         B        C        D         E       F
            +---------+---------+-------+---------+---------+-------
      Total |   39146 |   14735 |  27.3 |     476 |     135 |  22.1
            +---------+---------+-------+---------+---------+-------
        D:1 |      23 |       7 |  23.3 |      22 |       4 |  15.4
        D:2 |      46 |      17 |  27.0 |      22 |       1 |   4.3
        D:3 |      56 |       7 |  11.1 |      26 |       4 |  13.3
        D:4 |      87 |       0 |   0.0 |       6 |       0 |   0.0
        D:5 |      85 |     211 |  71.3 |       9 |       2 |  18.2
        D:6 |     578 |       0 |   0.0 |      21 |       0 |   0.0
        D:7 |     709 |       0 |   0.0 |      36 |       0 |   0.0
        D:8 |     992 |       0 |   0.0 |      51 |       0 |   0.0
        D:9 |     647 |     133 |  17.1 |      12 |      17 |  58.6
       D:10 |     629 |       0 |   0.0 |      23 |       0 |   0.0
       D:11 |     958 |     420 |  30.5 |      19 |       1 |   5.0
     Lair:1 |     715 |       0 |   0.0 |      10 |       0 |   0.0
     Lair:2 |    2625 |       0 |   0.0 |      26 |       0 |   0.0
     Lair:3 |    1676 |     933 |  35.8 |      14 |       8 |  36.4
     Lair:4 |    1959 |     204 |   9.4 |      16 |       2 |  11.1
     Lair:5 |    1732 |     457 |  20.9 |      12 |       8 |  40.0
     Lair:6 |    7956 |    3609 |  31.2 |      53 |      23 |  30.3
    Snake:1 |    6732 |     972 |  12.6 |      27 |       3 |  10.0
    Snake:2 |    7063 |       0 |   0.0 |      21 |       0 |   0.0
    Snake:3 |    1972 |       0 |   0.0 |      11 |       0 |   0.0
      Orc:1 |    1055 |    1242 |  54.1 |      22 |       6 |  21.4
      Orc:2 |     851 |    3479 |  80.3 |      17 |      33 |  66.0
      IceCv |       0 |    3044 | 100.0 |       0 |      23 | 100.0
            +---------+---------+-------+---------+---------+-------
